 Dungeon Crawl Stone Soup version 0.17-a0-1738-g82cdc46 (webtiles) character file.

72 kae the Insei (level 4, -4/35 HPs)
             Began as a Demonspawn Monk on Aug 30, 2015.
             Was a Believer of Qazlal.
             Slain by a worm (10 damage)
             ... on level 2 of the Dungeon.
             The game lasted 00:01:16 (1716 turns).

kae the Insei (Demonspawn Monk)                     Turns: 1716, Time: 00:01:16

Health: -4/35      AC:  3    Str: 11    XL:     4   Next: 6%
Magic:  4/4        EV: 13    Int: 11    God:    Qazlal [**....]
Gold:   112        SH:  2    Dex: 17    Spells: 0 memorised, 3 levels left

rFire  + . .     SeeInvis .       - Unarmed
rCold  . . .     Clarity  .     a - +0 robe
rNeg   . . .     SustAt   .     (no shield)
rPois  .         Gourm    .     l - +0 helmet
rElec  .         Spirit   .     (no cloak)
rCorr  .         Warding  .     (no gloves)
rMut   .         Stasis   .     (no boots)
MR     .....                    (no amulet)
Stlth  ++........               (no ring)
                                (no ring)

@: not resistant to hostile enchantments, unstealthy
A: fire resistance 1, flame cloud immunity
a: Upheaval, Renounce Religion


You were on level 2 of the Dungeon.
You worshipped Qazlal.
Qazlal was pleased with you.
You were hungry.

You visited 1 branch of the dungeon, and saw 2 of its levels.

You collected 112 gold pieces.

Inventory:

Armour
 a - a +0 robe (worn)
 l - a +0 helmet (worn)
Scrolls
 c - a scroll of fear {unknown}
 d - 4 scrolls of identify {unknown}
 g - a scroll of recharging {unknown}
 j - a scroll of random uselessness {unknown}
 m - a scroll of fog {unknown}
Potions
 e - 4 potions of curing {unknown}
 f - a potion of lignification {unknown}
 i - 3 potions of heal wounds {unknown}
 k - a potion of cancellation {unknown}
Comestibles
 b - 2 bread rations
 h - a meat ration


   Skills:
 - Level 3.0 Fighting
 - Level 2.6 Dodging
 - Level 1.7 Stealth
 * Level 5.1 Unarmed Combat
 + Level 0.3 Invocations


You had 3 spell levels left.
You didn't know any spells.

Dungeon Overview and Level Annotations

Branches:
Dungeon (2/15)

Altars:
Qazlal
Vehumet


Innate Abilities, Weirdness & Mutations

Your flesh is heat resistant.
You are immune to clouds of flame.


Message History

The worm bites you!
A worm is nearby!
You hit the worm.
The worm is almost dead.
The worm bites you!
* * * LOW HITPOINT WARNING * * *
You are too injured to fight recklessly!
A worm is nearby!
You are too injured to fight recklessly!
You are too injured to fight recklessly!
You are too injured to fight recklessly!
You are too injured to fight recklessly!
You are too injured to fight recklessly!
You are too injured to fight recklessly!
You are too injured to fight recklessly!
You are too injured to fight recklessly!
You barely miss the worm.
The worm is severely wounded.
The worm bites you!
You die...

..........###.###........###.#.#
##.####.### #.###............#.#
##.# #.# #......ยงยง...######.##
##.# #.# ###########.# #... ...#
#.# #.# #### #### #.#### #.#
#....# ########.### ####.#
#..........# #.# #@######.#.# #
#.# #w# #.#.## # #.# #.#
#.#..###### #.# #.# #.#........
#.# #.# #.#..###### #.# #.#
#..#..# ## #######.## #.#
#.##..# .. .........# #.#
#.##..# #######..# #.# #.#..#


You could see a worm.

Vanquished Creatures
  2 adders (D:2)
  An ooze (D:2)
  3 worms (D:2)
  2 giant geckos (D:2)
  6 bats
  3 giant cockroaches
  7 goblins
  5 hobgoblins
  A jackal (D:1)
  A ball python (D:1)
  4 giant newts (D:1)
  A kobold (D:1)
  4 rats
40 creatures vanquished.

Notes
Turn   | Place    | Note
--------------------------------------------------------------
     0 | D:1      | kae the Demonspawn Monk began the quest for the Orb.
     0 | D:1      | Reached XP level 1. HP: 18/18 MP: 1/1
   231 | D:1      | Reached skill level 4 in Unarmed Combat
   456 | D:1      | Gained mutation: Your flesh is heat resistant. [demonic ancestry]
   456 | D:1      | Reached XP level 2. HP: 24/24 MP: 2/2
  1070 | D:2      | Gained mutation: You are immune to clouds of flame. [demonic ancestry]
  1070 | D:2      | Reached XP level 3. HP: 24/29 MP: 3/3
  1212 | D:2      | Found a stormy altar of Qazlal.
  1260 | D:2      | Found a radiant altar of Vehumet.
  1292 | D:2      | Became a worshipper of Qazlal Stormbringer
  1292 | D:2      | Acquired Qazlal's first power
  1292 | D:2      | Acquired Qazlal's second power
  1376 | D:2      | Reached skill level 5 in Unarmed Combat
  1587 | D:2      | Reached XP level 4. HP: 30/35 MP: 4/4
  1716 | D:2      | Slain by a worm

Vault maps used:
D:1:      erik_arrival_blinker_ship
D:2:      old_standard_altar, grunt_qazlal_clouds

Action                   |  1- 3 |  4- 6 || total
-------------------------+-------+-------++-------
Melee: Unarmed           |   152 |    18 ||   170
 Stab: Sleeping          |     4 |       ||     4
  Eat: Chunk             |     2 |       ||     2
